 Dungeon Sprint DCSS version 0.26.1-11-gd32895ea62 (webtiles) character file.

Game seed: 8741819572705414588

107 wheatie the Covert (level 4, -2/23 HPs)
             Began as a Spriggan Brigand on July 21, 2021.
             Slain by Sigmund
             ... wielding a +0 scythe
              (11 damage)
             ... in the Dungeon (Sprint I: "Red Sonja").
             The game lasted 00:02:57 (641 turns).

wheatie the Covert (Spriggan Brigand)                Turns: 641, Time: 00:02:58

Health: -2/23      AC:  3    Str:  7    XL:     4   Next: 57%
Magic:  5/5        EV: 18    Int: 12    God:
Gold:   54         SH:  0    Dex: 18    Spells: 3/3 levels left

rFire    . . .     SeeInvis +   a - +2 dagger
rCold    . . .     Faith    .   (shield restricted)
rNeg     . . .     Spirit   .   b - +0 robe
rPois    .         Reflect  .   (helmet restricted)
rElec    .         Harm     .   c - +0 cloak
rCorr    .         Rampage  .   (gloves unavailable)
Will     .....     NoTele   +   (boots unavailable)
Stlth    +++++.....             (no amulet)
HPRegen  0.07/turn              (no ring)
MPRegen  0.09/turn              (no ring)

@: very quick
A: very small, unfitting armour, see invisible, speed 3
a: no special abilities


You were in the Dungeon.
You visited 1 branch You collected 54 gold pieces.

Inventory:

Hand Weapons
 a - a +2 dagger (weapon)
Missiles
 e - a curare-tipped dart (quivered)
Armour
 b - a +0 robe (worn)
 c - a +0 cloak (worn)
Scrolls
 k - a scroll of blinking
Potions
 f - a potion of curing
 g - a potion of heal wounds
 h - a potion of haste
 i - 2 potions of magic
 j - a potion of berserk rage


   Skills:
 + Level 2.6 Fighting
 + Level 3.6 Short Blades
 + Level 3.8 Throwing
 + Level 2.5 Dodging
 + Level 12.5 Stealth


You had 3 spell levels left.
You didn't know any spells.
Your spell library was empty.

Dungeon Overview and Level Annotations

Branches:
Dungeon (1/1)

Altars:

Annotations:
D Sigmund


Innate Abilities, Weirdness & Mutations

You are very small and have problems with some larger weapons.
You are too small for most types of armour.
You have supernaturally acute eyesight. (SInv)
You cover ground extremely quickly.


Message History

Throw: 2 darts (poison)
Press: ? - help, Q - select action, (/) - cycle Shift-Dir - straight line, f/p - Sigmund
Aim: Sigmund, wielding a +0 scythe and wearing a +0 robe (almost dead, slightly transparent, poisoned, 60% to hit)
You throw a poisoned dart.
The poisoned dart closely misses Sigmund.
Sigmund says, "You will soon forget everything."
Sigmund barely misses you.
Throw: dart (poison)
Press: ? - help, Q - select action, (/) - cycle Shift-Dir - straight line, f/p - Sigmund
Aim: Sigmund, wielding a +0 scythe and wearing a +0 robe (almost dead, slightly transparent, poisoned, 60% to hit)
You throw a poisoned dart.
The poisoned dart barely misses Sigmund.
Sigmund looks more healthy.
Throw: 2 darts (curare)
Press: ? - help, Q - select action Shift-Dir - straight line, f/p - Sigmund
Aim: Sigmund, wielding a +0 scythe and wearing a +0 robe (almost dead, slightly transparent, 60% to hit)
You throw a curare-tipped dart.
The curare-tipped dart closely misses Sigmund.
Sigmund hits you from afar with a +0 scythe!
You die...

#############
#<.#.@'@(#..+
#.[').#..'((#
#..#####'####
#..# #..#
#..# ####
#..# #⌠⌠#
####


You could see Sigmund (invisible).

Vanquished Creatures
  An ogre (D)
  Ijyb (D)
2 creatures vanquished.

Notes
Turn   | Place    | Note
-------+----------+-------------------------------------------
     0 | D        | wheatie the Spriggan Brigand began the quest for the Orb.
     0 | D        | Reached XP level 1. HP: 10/10 MP: 2/2
     1 | D        | Noticed Ijyb
    23 | D        | Killed Ijyb
    24 | D        | Reached skill level 9 in Stealth
    24 | D        | Reached XP level 2. HP: 5/15 MP: 3/3
   223 | D        | Noticed an ogre
   278 | D        | Killed an ogre
   279 | D        | Reached skill level 12 in Stealth
   279 | D        | Reached XP level 3. HP: 7/19 MP: 4/4
   279 | D        | Reached XP level 4. HP: 9/23 MP: 5/5
   600 | D        | Noticed Sigmund
   641 | D        | Slain by Sigmund

Illustrated notes

Levels and vault maps discovered:
D:        dungeon_sprint_1 [red_sonja_temple_1, red_sonja_temple_small_1]

Skill      XL: |  1  2 |
---------------+-------+-----
Fighting       | 2 |  2.6
Dodging        | 2 |  2.5
Stealth        | 9 12 | 12.5
Short Blades   | 3 |  3.6
Throwing       | 3 |  3.8

Action                   |  1- 3 |  4- 6 || total
-------------------------+-------+-------++-------
Melee: Dagger            |    22 |     1 ||    23
Throw: Dart              |     7 |     7 ||    14
Armor: Robe              |     2 |       ||     2
Dodge: Dodged            |    14 |     4 ||    18
